 Dungeon Crawl Stone Soup version 0.27.1-34-g3ba077fa99 (webtiles) character file.

Game seed: 14922353211759269779

177 mcbry74 the Chopper (level 5, -4/45 HPs)
             Began as a Hill Orc Fighter on Jan 22, 2022.
             Splashed by a jelly's acid (8 damage)
             ... on level 5 of the Dungeon.
             The game lasted 00:05:32 (1696 turns).

mcbry74 the Chopper (Hill Orc Fighter)              Turns: 1696, Time: 00:05:34

Health: -4/45      AC: 10    Str: 20    XL:     5   Next: 57%
Magic:  5/5        EV:  7    Int:  8    God:
Gold:   10         SH:  9    Dex: 10    Spells: 4/4 levels left

rFire    . . .     SeeInvis .   a - +0 war axe
rCold    . . .     Faith    .   c - +0 kite shield
rNeg     . . .     Spirit   .   b - +0 scale mail
rPois    .         Reflect  .   (no helmet)
rElec    .         Harm     .   g - +1 cloak
rCorr    .         Rampage  .   k - +0 pair of gloves
Will     .....                  (no boots)
Stlth    ..........             (no amulet)
HPRegen  0.15/turn              (no ring)
MPRegen  0.09/turn              (no ring)

@: no status effects
A: no striking features
a: no special abilities


You were on level 5 of the Dungeon.
You visited 1 branch of the dungeon, and saw 5 of its levels.

You collected 74 gold pieces.
You spent 64 gold pieces at shops.

Inventory:

Hand Weapons
 a - a +0 war axe (weapon)
Missiles
 l - a throwing net (quivered)
Armour
 b - a +0 scale mail (worn)
 c - a +0 kite shield (worn)
 g - a +1 cloak (worn)
 k - a +0 pair of gloves (worn)
Scrolls
 e - a scroll of teleportation {unknown}
 h - a scroll of noise
 j - 2 scrolls of enchant weapon
 o - a scroll of immolation {unknown}
Potions
 d - a potion of might
 f - a potion of brilliance {unknown}
 i - a potion of curing {unknown}
 m - a potion of attraction {unknown}
 n - a potion of haste {unknown}
 p - a potion of lignification {unknown}


   Skills:
 - Level 3.6 Fighting
 + Level 7.4 Axes
 - Level 3.2 Armour
 - Level 3.2 Shields


You had 4 spell levels left.
You didn't know any spells.
Your spell library was empty.

Dungeon Overview and Level Annotations

Branches:
Dungeon (5/15)
 Temple: D:4-7

Altars:
Fedhas
Kikubaaqudgha
Sif Muna

Shops:
D:5 *

Annotations:
D:4 exclusion: oklob plant


Message History

The ogre shouts!
A jelly comes into view.
Throw: 2 throwing nets
Press: ? - help, Q - select action Shift-Dir - straight line, f - ogre
Aim: an ogre, wielding a +0 giant club (71% to hit)
You throw a throwing net. The throwing net hits the ogre.
The ogre is caught in the net!
The ogre struggles against the net.
You catch the helpless ogre completely off-guard!
You hit the ogre.
The ogre is lightly wounded.
The ogre struggles against the net. x2
You slash the ogre!
The ogre is heavily wounded.
The ogre struggles against the net.
Your shield and scale mail prevent you from hitting the ogre.
The ogre is heavily wounded.
The ogre struggles against the net.
The net rips apart, and the ogre comes free!
The ogre hits you with a +0 giant club!
You slash the ogre!
The ogre is almost dead.
The ogre closely misses you.
You barely miss the ogre.
The ogre is almost dead.
The ogre hits you with a +0 giant club!!
Ouch! That really hurt!
* * * LOW HITPOINT WARNING * * *
You slash the ogre!
You kill the ogre!
Your Axes skill increases to level 7!
You have reached level 5!
You feel stronger.
You hit the jelly.
Your hands burn!
* * * LOW HITPOINT WARNING * * *
The jelly is moderately wounded.
You block the jelly's attack. The jelly hits you.
* * * LOW HITPOINT WARNING * * *
You are splashed with acid!
You die...

#########
#.......####
#.####.....#
#.####.)##.#
#.##.....#.##########
#.##.#...............
#.##.#.....##########
#.......#### ##8
####@#### ##.. #J#
#8.< ... ##.. #..##
.....8 #..# ..##.#.
#... ..... #.##
.##[#. #. . #... ...#


You could see a jelly.

Vanquished Creatures
  An ogre (D:5)
  A hound zombie (D:5)
  4 gnolls (D:4)
  An adder (D:4)
  A worm (D:3)
  2 orcs
  2 endoplasms
  A giant cockroach (D:1)
  2 goblins
  A hobgoblin (D:4)
  A quokka (D:3)
  A ball python (D:1)
  2 bats (D:3)
  5 kobolds
  3 rats
28 creatures vanquished.

Vanquished Creatures (others)
  16 toadstools (D:4)
16 creatures vanquished.

Grand Total: 44 creatures vanquished

Notes
Turn   | Place    | Note
-------+----------+-------------------------------------------
     0 | D:1      | mcbry74 the Hill Orc Fighter began the quest for the Orb.
     0 | D:1      | Reached XP level 1. HP: 19/19 MP: 1/1
    96 | D:1      | Reached skill level 3 in Axes
   324 | D:1      | Reached XP level 2. HP: 26/26 MP: 2/2
   326 | D:1      | You fall into a shaft and drop 1 floor!
   346 | D:3      | Reached skill level 4 in Axes
   558 | D:4      | Found an ancient bone altar of Kikubaaqudgha.
   662 | D:4      | Reached XP level 3. HP: 31/31 MP: 3/3
   858 | D:4      | Found a shimmering blue altar of Sif Muna.
   887 | D:4      | Reached skill level 5 in Axes
  1148 | D:4      | Reached XP level 4. HP: 39/39 MP: 4/4
  1288 | D:4      | Found a blossoming altar of Fedhas.
  1309 | D:4      | Noticed an oklob plant
  1614 | D:5      | Entered Level 5 of the Dungeon
  1614 | D:5      | Found Oxiytiub's Assorted Antiques.
  1638 | D:5      | Reached skill level 6 in Axes
  1642 | D:5      | Bought a scroll labelled RIL YKHLABIO for 32 gold pieces
  1642 | D:5      | Bought a scroll labelled VOSHARCHU POOL for 32 gold pieces
  1684 | D:5      | Noticed an ogre
  1695 | D:5      | Killed an ogre
  1696 | D:5      | Reached skill level 7 in Axes
  1696 | D:5      | Reached XP level 5. HP: 11/45 MP: 5/5
  1696 | D:5      | Splashed by a jelly's acid

Illustrated notes

Levels and vault maps discovered:
D:1:      ncdulo_lavacross, layout_basic, serial_shops,
          nicolae_shop_temple_entry_statues_fountains,
          shapermc_ecumenical_altar_petra
D:2:      layout_rooms
D:3:      layout_basic, pdpol_wu_jian_five_deadly_venoms, grunt_dithmenos_smoke
D:4:      layout_cave_pods, tgw_fedhas, mainiacjoe_overflow_catwalk,
          mainiacjoe_overflow_paths, serial_glass, glass_columns_a,
          glass_columns_a, dk_vineyard_3
D:5:      layout_loops_cross, serial_shops, shop_coins, nicolae_shop_crystal,
          nicolae_stop_n_shop_2, nicolae_shop_waterfront,
          nicolae_take_the_stairs, uniq_edmund

Skill      XL: |  1  2  3  4 |
---------------+-------------+-----
Axes           | 3 4 5 7 |  7.4
Fighting       | |  3.6
Armour         | |  3.2
Shields        | |  3.2

Action                   |  1- 3 |  4- 6 || total
-------------------------+-------+-------++-------
Melee: War axe           |    72 |    24 ||    96
Throw: Throwing net      |       |     1 ||     1
  Use: Scroll            |       |     2 ||     2
 Stab: Held in net/web   |       |     1 ||     1
Armor: Scale mail        |    38 |    14 ||    52
Dodge: Dodged            |    14 |    10 ||    24
Block: Kite shield       |    58 |    10 ||    68
